 Dungeon Crawl Stone Soup version 0.24-a0-317-g5cb8de4 (webtiles) character file.

Game seed: 1046608400567755664

53 Borgoz the Slasher (level 3, -1/31 HPs)
             Began as a Hill Orc Gladiator on May 16, 2019.
             Killed from afar by an orc wizard (5 damage)
             ... with a puff of flame
             ... on level 4 of the Dungeon.
             The game lasted 00:01:44 (690 turns).

Borgoz the Slasher (Hill Orc Gladiator)              Turns: 690, Time: 00:01:44

Health: -1/31      AC:  4    Str: 18    XL:     3   Next: 87%
Magic:  3/3        EV: 12    Int: 13    God:
Gold:   49         SH:  0    Dex: 11    Spells: 2/2 levels left

rFire    . . .     SeeInvis .   a - +0 long sword
rCold    . . .     Gourm    .   (no shield)
rNeg     . . .     Faith    .   b - +0 leather armour
rPois    .         Spirit   .   c - +0 helmet
rElec    .         Reflect  .   (no cloak)
rCorr    .         Harm     .   (no gloves)
MR       .....                  (no boots)
Stlth    +.........             (no amulet)
HPRegen  0.10/turn              (no ring)
MPRegen  0.08/turn              (no ring)

@: brilliant
A: clumsy 1, strong 1
a: no special abilities


You were on level 4 of the Dungeon.
You were not hungry.

You visited 1 branch of the dungeon, and saw 3 of its levels.

You collected 49 gold pieces.

Inventory:

Hand Weapons
 a - a +0 long sword (weapon)
Missiles
 d - 3 throwing nets (quivered)
Armour
 b - a +0 leather armour (worn)
 c - a +0 helmet (worn)
Scrolls
 e - a scroll of fear {unknown}
 i - a scroll of blinking {unknown}
 j - a scroll of remove curse {unknown}
 l - a scroll of fog {unknown}
Comestibles
 f - 2 rations
 g - 4 chunks of flesh


   Skills:
 + Level 3.0 Fighting
 * Level 4.1 Long Blades
 - Level 1.7 Throwing
 + Level 1.4 Armour
 + Level 2.7 Dodging


You had 2 spell levels left.
You didn't know any spells.
Your spell library was empty.

Dungeon Overview and Level Annotations

Branches:
Dungeon (2/15)

Altars:


Innate Abilities, Weirdness & Mutations

You are clumsy. (Dex -2)
Your muscles are strong. (Str +2)


Message History

Found a ration.
The orc shouts!
The orc priest shouts!
The orc priest shouts, "Beogh is our master!
Accept the truth or die!" (press Y on the ability menu to convert to Beogh)
The orc wizard points at you and mumbles some strange words.
The puff of frost hits you.
It was a potion of brilliance.
You feel clever all of a sudden.
The orc wizard hits you with a +0 dagger.
It was a potion of mutation.
You feel extremely strange.
You feel clumsy.
You feel stronger.
The orc wizard hits you but does no damage.
The orc wizard hits you with a +0 dagger.
You aren't carrying any items that you can evoke.
The orc wizard casts a spell at you. The magic dart hits you!
* * * LOW HITPOINT WARNING * * *
The orc wizard gestures at you while chanting.
The puff of flame hits you.
You die...

#####
#######...##
#......)@..#
#.####.###o#
#######.##
#.#
#oo......
#........#
#.#
#........
#.#####..#
#..
..%..####
#.# #..# ###
###.## #.#
###..# .#
#.# #....#
.# #.#
#.##.# +#


You could see 2 orc wizards.

Vanquished Creatures
  An orc wizard (D:4)
  A dart slug (D:4)
  2 giant cockroaches
  4 hobgoblins
  2 kobolds (D:1)
  4 bats
  A frilled lizard (D:2)
  4 goblins (D:1)
  3 rats
22 creatures vanquished.

Notes
Turn   | Place    | Note
-------+----------+-------------------------------------------
     0 | D:1      | Borgoz the Hill Orc Gladiator began the quest for the Orb.
     0 | D:1      | Reached XP level 1. HP: 18/18 MP: 1/1
   131 | D:1      | Reached XP level 2. HP: 25/25 MP: 2/2
   531 | D:2      | You fall through a shaft for 2 floors!
   656 | D:4      | Reached skill level 1 in Armour
   656 | D:4      | Reached XP level 3. HP: 23/30 MP: 3/3
   680 | D:4      | Reached skill level 4 in Long Blades
   688 | D:4      | Gained mutation: You are clumsy. (Dex -2) [potion of
                  | mutation]
   688 | D:4      | Gained mutation: Your muscles are strong. (Str +2) [potion
                  | of mutation]
   690 | D:4      | Killed from afar by an orc wizard

Levels and vault maps discovered:
D:1:      dpeg_arrival_court, layout_basic
D:2:      layout_rooms, nicolae_overflow_crystal_walls, chequers_big_river
D:4:      minmay_inner_zag, layout_loops_corners, yredelemnul_altar_generic,
          uniq_edmund

Skill      XL: |  1  2  3 |
---------------+----------+-----
Armour         | 1 |  1.4
Fighting       | 3 |  3.0
Long Blades    | 4 |  4.1
Throwing       | |  1.7
Dodging        | |  2.7

Action                   || total
-------------------------++-------
Melee: Long sword        ||    72
  Use: Potion            ||     2
Armor: Leather armour    ||    30
Dodge: Dodged            ||    42
       Rpst.: Long sword ||    16

Table legend:
 A = Non-vault XP
 B = Vault XP
 C = Vault XP percentage of total XP
 D = Non-vault monster count
 E = Vault monster count
 F = Vault count percentage of total count
                 A         B        C        D         E       F
            +---------+---------+-------+---------+---------+-------
      Total |      76 |       0 |   0.0 |      22 |       0 |   0.0
            +---------+---------+-------+---------+---------+-------
        D:1 |      23 |       0 |   0.0 |      15 |       0 |   0.0
        D:2 |       7 |       0 |   0.0 |       5 |       0 |   0.0
        D:4 |      46 |       0 |   0.0 |       2 |       0 |   0.0
            +---------+---------+-------+---------+---------+-------
